AoeStats
← Maximus1743

Golden Pit

509944932Analyzed
1v1 RM · 2d ago on Sep 28, 2026· 20m 40s· 2 players
Game mode
Random Map
Map size
Tiny (2 player)
Population
200
Speed
Normal
Resources
Standard
Victory
Conquest
Starting age
Dark Age
Ending age
Imperial Age
RankedLock teamsTeams togetherTeam positionsShared explorationLock speedFull tech treeHidden civsTurbo modeCheats
Victory
Defeat
🇦🇷 Mongols · Argentina
1297
+16
🇲🇽 Varangians · Mexico
1295
-16
Maximus1743
6:51 Loom
9:11 Feudal Age
14:51 Double-Bit Axe
16:27 Horse Collar
21:23 Castle Age
Turkish Killer
10:08 Feudal Age
8:50 Loom
8:59 Loom
15:33 Castle Age
14:06 Double-Bit Axe
14:10 Horse Collar
14:51 Fletching
16:23 Bodkin Arrow
20:28 Town Watch
Connection lost

Rejoining the realm…

Still unreachable

The connection could not be restored.

Session expired

The server has moved on; the page needs a fresh start.